 Dungeon Crawl Stone Soup version 0.31-a0-1499-ge0622b2318 (webtiles) character file.

Game seed: 7993793759985852025

128 jasper the Ruffian (level 4, 0/40 HPs)
             Began as a Draconian Shapeshifter on Dec 29, 2023.
             Slain by Grinder (9 damage)
             ... while paralysed by Grinder
             ... on level 3 of the Dungeon.
             The game lasted 00:03:37 (2194 turns).

jasper the Ruffian (Draconian Shapeshifter)         Turns: 2194, Time: 00:03:38

Health: 0/40       AC:  5    Str: 19    XL:     4   Next: 87%
Magic:  4/4        EV:  2    Int: 10    God:
Gold:   169        SH:  0    Dex: 10    Spells: 3/3 levels left

rFire   + .          .
                       - Unarmed
rCold   + . .        (no shield)
rNeg    . . .        (body armour unavailable)
rPois   .            (helmet currently unavailable)
rElec   .            (cloak currently unavailable)
rCorr   .            (gloves currently unavailable)
SInv    .            (boots currently unavailable)
Will    .....        a - amulet of reflection
Stlth   +            l - ring of protection from fire
HPRegen 0.26/turn    k - ring of protection from cold
MPRegen 0.09/turn

%: reflection
@: paralysed, beast-form
A: beast (slay +1), AC +5, unfitting armour, cold-blooded
a: Begin Untransformation


You were on level 3 of the Dungeon.
You were a hulking beast.
You visited 1 branch of the dungeon, and saw 4 of its levels.

You collected 169 gold pieces.

Inventory:

Missiles
 m - 25 stones (quivered)
 p - 6 atropa-tipped darts
Armour
 f - a +2 cloak
Jewellery
 a - an amulet of reflection (around neck)
 j - a ring of flight
 k - a ring of protection from cold (right hand)
 l - a ring of protection from fire (left hand)
Talismans
 b - a beast talisman
 c - a flux talisman
 h - a serpent talisman
Scrolls
 e - a scroll of fog
Potions
 d - a potion of might
 g - a potion of brilliance
 i - a potion of magic {unknown}
 q - 2 potions of invisibility {unknown}
 s - 3 potions of curing {unknown}


   Skills:
 + Level 3.6 Fighting
 - Level 1.7 Dodging
 + Level 4.4 Unarmed Combat
 - Level 3.0 Shapeshifting


You had 3 spell levels left.
You didn't know any spells.
Your spell library contained the following spells:

 Spells                   Type           Power      Damage    Failure   Level
 Fugue of the Fallen      Necr           0%         N/A       75%         3
 Ozocubu's Armour         Ice            0%         N/A       75%         3
 Manifold Assault         Tloc           0%         N/A       98%         4


Dungeon Overview and Level Annotations

Branches:
Dungeon (4/15)
 Temple: D:4-7

Altars:

Shops:
D:2 [

Annotations:
D:3 Grinder


Innate Abilities, Weirdness & Mutations

You are a hulking beast.
Your limbs bulge with bestial killing power. (Slay +1)
Your plain brown scales are hard. (AC +5)
You cannot fit into any form of body armour.
You are cold-blooded and may be slowed by cold attacks.


Message History

You take 6 damage, and have 31/39 hp.
You hit Grinder.
Your tail-slap misses Grinder.
Grinder is heavily wounded.
Grinder hits you.
You writhe in agony.
You take 5 damage, and have 26/39 hp.
You hit Grinder.
Grinder is heavily wounded.
Grinder gestures at you. Pain shoots through your body!
You take 5 damage, and have 21/39 hp.
You hit Grinder but do no damage.
Grinder is heavily wounded.
Grinder misses you. The ball python bites you.
The ball python closely misses you. Grinder closely misses you.
The ball python misses you. The ball python barely misses you.
You climb upwards.
There is a stone staircase leading down here.
You take 2 damage, and have 20/39 hp.
You hit the ball python.
You kill the ball python!
Grinder hits you.
You take 5 damage, and have 15/40 hp.
You hit Grinder.
Grinder is heavily wounded.
Grinder closely misses you.
You closely miss Grinder.
Your tail-slap misses Grinder.
Grinder is heavily wounded.
Grinder gestures at you. Pain shoots through your body!
* * * LOW HITPOINT WARNING * * *
You take 7 damage, and have 8/40 hp.
You barely miss Grinder.
Grinder is heavily wounded.
Grinder gestures at you.
You suddenly lose the ability to move!
Grinder rolls her eyes.
Grinder hits you!
You die...
Grinder says, "Now the real fun starts!"

#.. #.. ########
####..†....
##....###### ##.....#
#..#...#
######.##..)#
#h.....##...#
#5#.#########
#####.#.# #......"#
######## #.......#
#......# #.......#
#......# #.......#
#......#
#.......######......#
#............#......#


You could see Grinder.

Vanquished Creatures
  Terence (D:2)
  Robin (D:2)
  An adder (D:2)
  2 dart slugs
  An orc (D:3)
  6 endoplasms
  8 giant cockroaches
  23 goblins
  4 hobgoblins (D:2)
  3 quokkas
  6 ball pythons
  8 bats
  3 frilled lizards (D:1)
  7 rats
74 creatures vanquished.

Notes
Turn   | Place    | Note
-------+----------+-------------------------------------------
     0 | D:1      | jasper the Draconian Shapeshifter began the quest for the
                  | Orb.
     0 | D:1      | Reached XP level 1. HP: 16/16 MP: 1/1
   108 | D:1      | Reached XP level 2. HP: 24/24 MP: 2/2
   833 | D:1      | Reached XP level 3. HP: 30/30 MP: 3/3
  1265 | D:2      | Found Roenirepn's Antique Armour Emporium.
  1319 | D:2      | Noticed Terence
  1346 | D:2      | Killed Terence
  1347 | D:2      | Reached skill level 4 in Unarmed Combat
  1347 | D:2      | Reached XP level 4. HP: 16/38 MP: 4/4
  1529 | D:2      | Noticed Robin
  1542 | D:2      | Killed Robin
  2180 | D:4      | Noticed Grinder
  2193 | D:3      | Paralysed by Grinder for 2 turns
  2194 | D:3      | Slain by Grinder

Illustrated notes

Levels and vault maps discovered:
D:1:      dpeg_arrival_prison, layout_basic, serial_curves, eino_curves_04,
          eino_curves_02
D:2:      layout_rooms, serial_shops, nicolae_shop_statue_plus, minmay_tall_x,
          uniq_terence, uniq_robin
D:3:      layout_basic
D:4:      layout_cave_pools, serial_shops, nicolae_shop_rolling_square,
          minmay_fractal_squares_diagonal_5, uniq_natasha, uniq_grinder,
          uniq_duvessa

Skill      XL: |  1  2  3 |
---------------+----------+-----
Fighting       | 2 3 |  3.6
Unarmed Combat | 4 |  4.4
Dodging        | |  1.7
Shapeshifting  | |  3.0

Action                     |  1- 3 |  4- 6 || total
---------------------------+-------+-------++-------
  Melee: Unarmed           |   127 |    70 ||   197
         Tailslap          |    13 |    11 ||    24
         Punch             |     6 |     1 ||     7
  Throw: Stone             |     2 |       ||     2
    Use: Potion            |     1 |       ||     1
         Scroll            |       |     8 ||     8
 Armour: Skin              |    59 |    28 ||    87
  Dodge: Dodged            |    83 |    40 ||   123
  Block: Other             |       |     9 ||     9
         Reflection        |       |     1 ||     1

Table legend: (Time is in decaauts)
 A = Elapsed time spent in this place.
 B = Non-inter-level travel time spent in this place.
 C = Inter-level travel time spent in this place.
 D = Time resting spent in this place.
 E = Time spent auto-exploring this place.
 F = Levels seen in this place.
 G = Mean time per level.
                   A        B        C        D        E       F      G
               +--------+--------+--------+--------+--------+-----+--------+
         Total |   2181 |   2070 |    111 |    146 |   1377 |   4 |  545.2 |
       Dungeon |   2181 |   2070 |    111 |    146 |   1377 |   4 |  545.2 |
               +--------+--------+--------+--------+--------+-----+--------+

Top non-repeatable levels by time:
     D:1: 1027 daAuts
     D:2: 706 daAuts
     D:3: 438 daAuts
     D:4: 8 daAuts
